WCHLSIM.com - West Coast Hockey League
html PUBLIC "-//W3C//DTD XHTML 1.0 Transitional//EN" "http://www.w3.org/TR/xhtml1/DTD/xhtml1-transitional.dtd"> WCHL - Game 199 - PHOENIX MUSTANGS vs SACRAMENTO BANDITS

PHOENIX MUSTANGS vs SACRAMENTO BANDITS

Created - 12 décembre 2020 at 20:24

Goals
1 2 3 T
PHOENIX MUSTANGS 0 1 3 4
SACRAMENTO BANDITS 0 0 1 1
Shots
1 2 3 T
PHOENIX MUSTANGS 6 6 13 25
SACRAMENTO BANDITS 9 7 11 27

1st period

No Goal

Penalties :
Mattias Ekholm (SAC) for Roughing (Minor) at 18:29

2nd period

1. PHOENIX MUSTANGS , Jesper Fast 5 (Clayton Keller 4) at 1:10

Penalties :
Dennis Cholowski (PHX) for Hooking (Minor) at 14:39, David Backes (PHX) for Hooking (Minor) at 18:35

3rd period

2. SACRAMENTO BANDITS , Jonathan Huberdeau 5 (Aleksander Barkov 6, Ryan Suter 4) at 0:32 (PP)
3. PHOENIX MUSTANGS , Clayton Keller 3 (Jesper Fast 5) at 7:48 (PP)
4. PHOENIX MUSTANGS , Alexander Steen 1 (Teuvo Teravainen 8, Jay Bouwmeester 2) at 11:20 (SH)
5. PHOENIX MUSTANGS , Christian Dvorak 4 (Alexander Steen 3, Jordan Greenway 4) at 15:10

Penalties :
Jamie Benn (SAC) for Tripping (Minor) at 7:32, T.J. Oshie (PHX) for Holding Stick (Minor) at 10:49

Goalie Stats

Joonas Korpisalo (PHX), 26 saves from 27 shots - (0,963), W, 4-4-1, 60:00 minutes
Andrei Vasilevskiy (SAC), 21 saves from 25 shots - (0,840), L, 9-4-0, 60:00 minutes

Players Stats for PHOENIX MUSTANGS

Player Name              G  A  P  +/- PIM S  H  SB GA TA FO     MP     PP MP  PK MP  
------------------------------------------------------------------------------------
Alexander Steen          1  1  2   2  0   3  0  0  0  0  0/1    14:17   0:00   1:19 
Andrew Copp              0  0  0   0  0   2  2  0  0  0  12/21  18:17   0:31   1:25 
Chris Terry              0  0  0   0  0   0  0  0  0  0  0/1     4:35   0:00   0:00 
Christian Dvorak         1  0  1   1  0   4  0  0  0  0  4/9    12:58   0:00   0:00 
Clayton Keller           1  1  2   1  0   4  0  0  0  0  0/2    19:40   1:44   0:00 
David Backes             0  0  0   0  2   0  0  0  0  0  1/4     4:34   0:00   0:00 
Dennis Cholowski         0  0  0   1  2   0  1  1  0  0  0/0    15:26   0:31   0:17 
Drew Doughty             0  0  0   0  0   0  3  1  0  0  0/0    22:55   0:31   1:58 
Erik Karlsson            0  0  0   0  0   0  2  2  0  0  0/0    18:28   0:00   0:00 
Fredrik Claesson         0  0  0   1  0   0  0  0  0  0  0/0    16:20   0:00   1:41 
Jay Bouwmeester          0  1  1   2  0   0  0  3  0  0  0/0    22:26   1:44   3:57 
Jesper Fast              1  1  2   1  0   3  0  1  0  0  2/2    19:40   1:44   0:00 
Jonas Brodin             0  0  0   2  0   0  1  0  0  0  0/0    24:24   1:44   3:57 
Jordan Greenway          0  1  1   1  0   2  2  0  0  0  0/2    12:58   0:00   0:00 
Kevin Hayes              0  0  0   1  0   3  1  0  0  0  10/21  20:51   1:44   1:11 
Nicklas Backstrom        0  0  0   0  0   0  0  0  0  0  0/0     0:00   0:00   0:00 
T.J. Oshie               0  0  0   0  2   1  0  0  0  0  2/2    20:02   0:31   3:11 
Teuvo Teravainen         0  1  1   1  0   3  0  0  0  0  1/7    26:11   0:31   4:44 

Players Stats for SACRAMENTO BANDITS

Player Name              G  A  P  +/- PIM S  H  SB GA TA FO     MP     PP MP  PK MP  
------------------------------------------------------------------------------------
Aleksander Barkov        0  1  1   0  0   4  1  0  0  0  11/23  21:27   2:34   1:30 
Alexander DeBrincat      0  0  0  -2  0   1  0  0  0  0  1/4    19:44   3:21   0:00 
Colton Sissons           0  0  0   0  0   2  0  0  0  0  0/0     6:42   0:00   0:00 
Ivan Provorov            0  0  0  -1  0   0  1  0  0  0  0/0    20:40   2:01   0:57 
Jamie Benn               0  0  0  -2  2   3  4  0  0  0  5/11   20:28   3:21   0:45 
Jay Beagle               0  0  0   0  0   0  1  0  0  0  6/7     6:42   0:00   0:00 
Joel Farabee             0  0  0  -1  0   2  0  0  0  0  0/0    11:22   0:00   0:00 
John Carlson             0  0  0  -1  0   0  1  1  0  0  0/0    25:30   3:54   1:18 
Jonathan Huberdeau       1  0  1   0  0   5  3  0  0  0  0/0    21:27   2:34   1:30 
Justin Williams          0  0  0  -1  0   0  0  0  0  0  0/0    11:22   0:00   0:00 
Luca Sbisa               0  0  0  -1  0   1  2  0  0  0  0/0    14:31   0:00   0:41 
Matt Duchene             0  0  0  -2  0   3  0  0  0  0  15/23  14:43   3:21   0:00 
Mattias Ekholm           0  0  0  -1  2   1  2  1  0  0  0/0    19:42   2:01   0:00 
Nicolas Aube-Kubel       0  0  0   0  0   1  2  0  0  0  1/2     6:42   0:00   0:00 
P.K. Subban              0  0  0  -1  0   0  1  0  0  0  0/0    13:50   0:00   0:00 
Ryan Suter               0  1  1  -1  0   0  1  1  0  0  0/0    25:46   3:54   1:34 
Sam Reinhart             0  0  0   0  0   1  1  0  0  0  1/2    19:57   2:34   0:00 
Scott Laughton           0  0  0  -1  0   3  0  0  0  0  0/0    17:08   0:00   0:45 

3 Stars

1 - Alexander Steen (PHX)
2 - Jesper Fast (PHX)
3 - Clayton Keller (PHX)

Power Play

PHOENIX MUSTANGS - 1 on 2 Attempt(s) - 50,00%
SACRAMENTO BANDITS - 1 on 3 Attempt(s) - 33,33%

Penalty Kill

PHOENIX MUSTANGS - 2 on 3 Attempt(s) - 66,67% - Score 1 goal in Penalty Kill
SACRAMENTO BANDITS - 1 on 2 Attempt(s) - 50,00% - Score 0 goal in Penalty Kill

Team Stat

PHOENIX MUSTANGS - Hits : 12 - Faceoff Wins : 32 - Blocked Shots : 8 - Penalty Minutes : 6
SACRAMENTO BANDITS - Hits : 20 - Faceoff Wins : 40 - Blocked Shots : 3 - Penalty Minutes : 4

Official

Referees : Mike Sheehan and Eric Furlatt
Linesman : Darren Gibbs and Ryan Gibbons

Game Notes

No Game Note

Finance

Level 1 -- Attendance: 3353 (54,04%) -- Ticket Income 1 005 900 $
Level 2 -- Attendance: 2872 (54,39%) -- Ticket Income 574 400 $
Level 3 -- Attendance: 1253 (58,69%) -- Ticket Income 187 950 $
Level 4 -- Attendance: 2182 (50,98%) -- Ticket Income 261 840 $
Luxury Box -- Attendance: 549 (54,36%) -- Ticket Income 329 400 $
Game was played at the Sacramento Center Palace.
Total Attendance: 10209 (53,99%)
Total Ticket Income: 2 359 490 $
Other Income: 825 822 $
Total Income: 3 185 312 $

PHOENIX MUSTANGS

5 vs 5 Forward 
   Center                   Left Wing                Right Wing               Time % Phy DF OF 
 1 Andrew Copp              Teuvo Teravainen         T.J. Oshie               36     1   2  2  
 2 Kevin Hayes              Clayton Keller           Jesper Fast              31     1   2  2  
 3 Christian Dvorak         Alexander Steen          Jordan Greenway          23     1   2  2  
 4 David Backes             Chris Terry              Teuvo Teravainen         10     1   2  2  

5 vs 5 Defense 
   Defense                  Defense                                           Time % Phy DF OF 
 1 Erik Karlsson            Drew Doughty                                      36     1   2  2  
 2 Jonas Brodin             Jay Bouwmeester                                   31     1   2  2  
 3 Dennis Cholowski         Fredrik Claesson                                  23     1   2  2  
 4 Jonas Brodin             Drew Doughty                                      10     1   2  2  

PowerPlay Forward 
   Center                   Left Wing                Right Wing               Time % Phy DF OF 
 1 Andrew Copp              Teuvo Teravainen         T.J. Oshie               55     1   2  2  
 2 Kevin Hayes              Clayton Keller           Jesper Fast              45     1   2  2  

PowerPlay Defense
   Defense                  Defense                                           Time % Phy DF OF 
 1 Dennis Cholowski         Drew Doughty                                      55     1   2  2  
 2 Jonas Brodin             Jay Bouwmeester                                   45     1   2  2  

Penalty Kill 4 Players Forward 
   Center                   Wing                     Time % Phy DF OF 
 1 Teuvo Teravainen         T.J. Oshie               55     1   2  2  
 2 Andrew Copp              Kevin Hayes              45     1   2  2  

Penalty Kill 4 Players Defense
   Defense                  Defense                  Time % Phy DF OF 
 1 Fredrik Claesson         Drew Doughty             55     1   2  2  
 2 Jonas Brodin             Jay Bouwmeester          45     1   2  2  

Penalty Kill - 3 Players Forward 
   Forward                                           Time % Phy DF OF 
 1 Teuvo Teravainen                                  55     1   2  2  
 2 T.J. Oshie                                        45     1   2  2  

Penalty Kill - 3 Players Defense
   Defense                  Defense                  Time % Phy DF OF 
 1 Fredrik Claesson         Drew Doughty             55     1   2  2  
 2 Jonas Brodin             Jay Bouwmeester          45     1   2  2  

4 vs 4 Forward 
   Center                   Wing                     Time % Phy DF OF 
 1 Teuvo Teravainen         T.J. Oshie               55     1   2  2  
 2 Andrew Copp              Kevin Hayes              45     1   2  2  

4 vs 4 Defense
   Defense                  Defense                  Time % Phy DF OF 
 1 Dennis Cholowski         Drew Doughty             55     1   2  2  
 2 Jonas Brodin             Jay Bouwmeester          45     1   2  2  

Last Minutes Offensive
   Center                   Left Wing                Right Wing               Defense                  Defense                  
   Andrew Copp              Teuvo Teravainen         T.J. Oshie               Erik Karlsson            Drew Doughty             

Last Minutes Defensive
   Center                   Left Wing                Right Wing               Defense                  Defense                  
   Andrew Copp              Teuvo Teravainen         T.J. Oshie               Erik Karlsson            Drew Doughty             

Goaltenders
Starting : Joonas Korpisalo         
Backup : Corey Crawford           

Extra Forwards
Normal : Teuvo Teravainen, Christian Dvorak, Alexander Steen - PP : Teuvo Teravainen, Christian Dvorak - PK : Alexander Steen
Extra Defensemen
Normal : Dennis Cholowski, Fredrik Claesson, Jonas Brodin - PP : Dennis Cholowski - PK : Fredrik Claesson, Jonas Brodin
Penalty Shots
Teuvo Teravainen, T.J. Oshie, Andrew Copp, Kevin Hayes, Jesper Fast
Custom OT Lines Forwards
Teuvo Teravainen, T.J. Oshie, Andrew Copp, Kevin Hayes, Jesper Fast, Christian Dvorak, Clayton Keller, Alexander Steen, Jordan Greenway, David Backes
Custom OT Lines Defensemen
Fredrik Claesson, Drew Doughty, Jonas Brodin, Jay Bouwmeester, Dennis Cholowski

Scratches
None

SACRAMENTO BANDITS

5 vs 5 Forward 
   Center                   Left Wing                Right Wing               Time % Phy DF OF 
 1 Aleksander Barkov        Jonathan Huberdeau       Sam Reinhart             36     1   2  2  
 2 Jamie Benn               Scott Laughton           Alexander DeBrincat      31     1   2  2  
 3 Matt Duchene             Joel Farabee             Justin Williams          23     1   2  2  
 4 Jay Beagle               Colton Sissons           Nicolas Aube-Kubel       10     1   2  2  

5 vs 5 Defense 
   Defense                  Defense                                           Time % Phy DF OF 
 1 John Carlson             Ryan Suter                                        36     1   2  2  
 2 Mattias Ekholm           Ivan Provorov                                     31     1   2  2  
 3 Luca Sbisa               P.K. Subban                                       23     1   2  2  
 4 John Carlson             Ryan Suter                                        10     1   2  2  

PowerPlay Forward 
   Center                   Left Wing                Right Wing               Time % Phy DF OF 
 1 Aleksander Barkov        Jonathan Huberdeau       Sam Reinhart             55     1   2  2  
 2 Matt Duchene             Alexander DeBrincat      Jamie Benn               45     1   2  2  

PowerPlay Defense
   Defense                  Defense                                           Time % Phy DF OF 
 1 John Carlson             Ryan Suter                                        55     1   2  2  
 2 Mattias Ekholm           Ivan Provorov                                     45     1   2  2  

Penalty Kill 4 Players Forward 
   Center                   Wing                     Time % Phy DF OF 
 1 Aleksander Barkov        Jonathan Huberdeau       55     1   2  2  
 2 Jamie Benn               Scott Laughton           45     1   2  2  

Penalty Kill 4 Players Defense
   Defense                  Defense                  Time % Phy DF OF 
 1 John Carlson             Ryan Suter               55     1   2  2  
 2 Mattias Ekholm           Ivan Provorov            45     1   2  2  

Penalty Kill - 3 Players Forward 
   Forward                                           Time % Phy DF OF 
 1 Aleksander Barkov                                 55     1   2  2  
 2 Jamie Benn                                        45     1   2  2  

Penalty Kill - 3 Players Defense
   Defense                  Defense                  Time % Phy DF OF 
 1 John Carlson             Ryan Suter               55     1   2  2  
 2 Mattias Ekholm           Ivan Provorov            45     1   2  2  

4 vs 4 Forward 
   Center                   Wing                     Time % Phy DF OF 
 1 Aleksander Barkov        Jonathan Huberdeau       55     1   2  2  
 2 Jamie Benn               Alexander DeBrincat      45     1   2  2  

4 vs 4 Defense
   Defense                  Defense                  Time % Phy DF OF 
 1 John Carlson             Ryan Suter               55     1   2  2  
 2 Mattias Ekholm           Ivan Provorov            45     1   2  2  

Last Minutes Offensive
   Center                   Left Wing                Right Wing               Defense                  Defense                  
   Aleksander Barkov        Jonathan Huberdeau       Jamie Benn               John Carlson             Ryan Suter               

Last Minutes Defensive
   Center                   Left Wing                Right Wing               Defense                  Defense                  
   Aleksander Barkov        Jonathan Huberdeau       Jamie Benn               John Carlson             Ryan Suter               

Goaltenders
Starting : Andrei Vasilevskiy       
Backup : Craig Anderson           

Extra Forwards
Normal : Matt Duchene, Jay Beagle, Sam Reinhart - PP : Matt Duchene, Jay Beagle - PK : Sam Reinhart
Extra Defensemen
Normal : Ryan Suter, John Carlson, Mattias Ekholm - PP : John Carlson - PK : Ryan Suter, Mattias Ekholm
Penalty Shots
Aleksander Barkov, Jonathan Huberdeau, Jamie Benn, Matt Duchene, Scott Laughton
Custom OT Lines Forwards
Aleksander Barkov, Jonathan Huberdeau, Jamie Benn, Colton Sissons, Justin Williams, Matt Duchene, Alexander DeBrincat, Jay Beagle, Sam Reinhart, Scott Laughton
Custom OT Lines Defensemen
John Carlson, Ryan Suter, Mattias Ekholm, Ivan Provorov, P.K. Subban

Scratches
Eric Staal (Bruised Left Foot Injury), Brock Boeser (Left Foot Injury)

% Time on Ice - PHOENIX MUSTANGS

Lines # - Real PCT - Wanted PCT - Time Play
Normal Forward
1 - 32% - 36% - 16:21
2 - 35% - 31% - 17:56
3 - 25% - 23% - 12:58
4 - 9% - 10% - 4:35
Normal Defense
1 - 36% - 36% - 18:28
2 - 32% - 31% - 16:45
3 - 28% - 23% - 14:39
4 - 4% - 10% - 1:58
PP Forward
1 - 23% - 55% - 0:31
2 - 77% - 45% - 1:44
PP Defense
1 - 23% - 55% - 0:31
2 - 77% - 45% - 1:44
PK Forward
1 - 80% - 55% - 4:44
2 - 20% - 45% - 1:11
PK Defense
1 - 33% - 55% - 1:58
2 - 67% - 45% - 3:57
PK3 Forward
1 - 0% - 55%
2 - 0% - 45%
PK3 Defense
1 - 0% - 55%
2 - 0% - 45%
44 Forward
1 - 0% - 55%
2 - 0% - 45%
44 Defense
1 - 0% - 55%
2 - 0% - 45%
Last Minute Offensive  - 0:00
Last Minute Defensive  - 0:00
Total
Forward - 60:00
Defense - 60:00

% Time on Ice - SACRAMENTO BANDITS

Lines # - Real PCT - Wanted PCT - Time Play
Normal Forward
1 - 34% - 36% - 17:23
2 - 32% - 31% - 16:23
3 - 22% - 23% - 11:22
4 - 13% - 10% - 6:42
Normal Defense
1 - 33% - 36% - 17:16
2 - 34% - 31% - 17:42
3 - 27% - 23% - 13:50
4 - 6% - 10% - 3:02
PP Forward
1 - 43% - 55% - 2:34
2 - 57% - 45% - 3:21
PP Defense
1 - 66% - 55% - 3:54
2 - 34% - 45% - 2:01
PK Forward
1 - 67% - 55% - 1:30
2 - 33% - 45% - 0:45
PK Defense
1 - 58% - 55% - 1:18
2 - 42% - 45% - 0:57
PK3 Forward
1 - 0% - 55%
2 - 0% - 45%
PK3 Defense
1 - 0% - 55%
2 - 0% - 45%
44 Forward
1 - 0% - 55%
2 - 0% - 45%
44 Defense
1 - 0% - 55%
2 - 0% - 45%
Last Minute Offensive  - 0:00
Last Minute Defensive  - 0:00
Total
Forward - 60:00
Defense - 60:00

Play-by-Play

1st period


0:01 of 1st period - T.J. Oshie wins face-off versus Aleksander Barkov in neutral zone.
1:57 of 1st period - Shot by Jesper Fast.
1:57 of 1st period - Stopped by Andrei Vasilevskiy without a rebound.
1:58 of 1st period - Matt Duchene wins face-off versus Christian Dvorak in SACRAMENTO BANDITS zone.
2:15 of 1st period - Shot by Joel Farabee.
2:15 of 1st period - Shot Misses the Net.
2:17 of 1st period - Shot by Luca Sbisa.
2:17 of 1st period - Stopped by Joonas Korpisalo without a rebound.
2:18 of 1st period - Jay Beagle wins face-off versus Kevin Hayes in PHOENIX MUSTANGS zone.
2:29 of 1st period - Shot by Clayton Keller.
2:29 of 1st period - Stopped by Andrei Vasilevskiy without a rebound.
2:30 of 1st period - Matt Duchene wins face-off versus Alexander Steen in SACRAMENTO BANDITS zone.
2:43 of 1st period - Shot by Christian Dvorak.
2:43 of 1st period - Stopped by Andrei Vasilevskiy without a rebound.
2:44 of 1st period - Jay Beagle wins face-off versus Kevin Hayes in SACRAMENTO BANDITS zone.
3:14 of 1st period - Shot by John Carlson.
3:14 of 1st period - Shot Blocked by Jay Bouwmeester.
3:24 of 1st period - Shot by Colton Sissons.
3:24 of 1st period - Stopped by Joonas Korpisalo without a rebound.
3:25 of 1st period - Aleksander Barkov wins face-off versus David Backes in PHOENIX MUSTANGS zone.
3:26 of 1st period - Shot by Jonathan Huberdeau.
3:26 of 1st period - Stopped by Joonas Korpisalo with a rebound.
3:28 of 1st period - Shot by Jonathan Huberdeau.
3:28 of 1st period - Shot Misses the Net.
3:34 of 1st period - Shot by Sam Reinhart.
3:34 of 1st period - Shot Misses the Net.
3:43 of 1st period - Icing by Teuvo Teravainen.
3:44 of 1st period - David Backes wins face-off versus Jamie Benn in PHOENIX MUSTANGS zone.
4:03 of 1st period - Shot by Jamie Benn.
4:03 of 1st period - Stopped by Joonas Korpisalo without a rebound.
4:04 of 1st period - Matt Duchene wins face-off versus Christian Dvorak in PHOENIX MUSTANGS zone.
4:21 of 1st period - Shot by Christian Dvorak.
4:21 of 1st period - Stopped by Andrei Vasilevskiy without a rebound.
4:22 of 1st period - Kevin Hayes wins face-off versus Aleksander Barkov in SACRAMENTO BANDITS zone.
4:22 of 1st period - Kevin Hayes is hit by Mattias Ekholm.
4:24 of 1st period - Shot by Clayton Keller.
4:24 of 1st period - Stopped by Andrei Vasilevskiy without a rebound.
4:25 of 1st period - Kevin Hayes wins face-off versus Aleksander Barkov in SACRAMENTO BANDITS zone.
4:56 of 1st period - Shot by Aleksander Barkov.
4:56 of 1st period - Stopped by Joonas Korpisalo without a rebound.
4:57 of 1st period - Jamie Benn wins face-off versus Christian Dvorak in PHOENIX MUSTANGS zone.
5:20 of 1st period - Shot by Jordan Greenway.
5:20 of 1st period - Shot Misses the Net.
5:28 of 1st period - Erik Karlsson is hit by Jamie Benn and loses puck.
5:33 of 1st period - Shot by Alexander DeBrincat.
5:33 of 1st period - Deflect By Scott Laughton.
5:33 of 1st period - Stopped by Joonas Korpisalo without a rebound.
5:34 of 1st period - Matt Duchene wins face-off versus Andrew Copp in PHOENIX MUSTANGS zone.
7:05 of 1st period - Icing by Drew Doughty.
7:06 of 1st period - Kevin Hayes wins face-off versus Jamie Benn in PHOENIX MUSTANGS zone.
7:26 of 1st period - Shot by Kevin Hayes.
7:26 of 1st period - Stopped by Andrei Vasilevskiy without a rebound.
7:27 of 1st period - Nicolas Aube-Kubel wins face-off versus Christian Dvorak in SACRAMENTO BANDITS zone.
8:20 of 1st period - Icing by Ryan Suter.
8:21 of 1st period - Jay Beagle wins face-off versus Chris Terry in SACRAMENTO BANDITS zone.
9:01 of 1st period - Icing by Jay Bouwmeester.
9:02 of 1st period - Jamie Benn wins face-off versus David Backes in PHOENIX MUSTANGS zone.
10:01 of 1st period - Shot by Aleksander Barkov.
10:01 of 1st period - Shot Blocked by Dennis Cholowski.
11:12 of 1st period - Ryan Suter is hit by Erik Karlsson.
11:14 of 1st period - Shot by Matt Duchene.
11:14 of 1st period - Stopped by Joonas Korpisalo without a rebound.
11:15 of 1st period - T.J. Oshie wins face-off versus Nicolas Aube-Kubel in PHOENIX MUSTANGS zone.
11:36 of 1st period - Icing by Luca Sbisa.
11:37 of 1st period - Jay Beagle wins face-off versus Jordan Greenway in SACRAMENTO BANDITS zone.
11:54 of 1st period - Christian Dvorak is hit by Nicolas Aube-Kubel and loses puck.
11:58 of 1st period - Drew Doughty is hit by Jay Beagle and loses puck.
12:02 of 1st period - Erik Karlsson is hit by Luca Sbisa and loses puck.
12:46 of 1st period - Off-side.
12:47 of 1st period - Kevin Hayes wins face-off versus Jamie Benn in neutral zone.
13:50 of 1st period - Shot by Aleksander Barkov.
13:50 of 1st period - Stopped by Joonas Korpisalo without a rebound.
13:51 of 1st period - Andrew Copp wins face-off versus Matt Duchene in PHOENIX MUSTANGS zone.
14:08 of 1st period - Ivan Provorov is hit by Andrew Copp and loses puck.
14:12 of 1st period - Icing by Ivan Provorov.
14:13 of 1st period - Christian Dvorak wins face-off versus Matt Duchene in SACRAMENTO BANDITS zone.
17:02 of 1st period - Nicolas Aube-Kubel is hit by Dennis Cholowski and loses puck.
17:09 of 1st period - Shot by Nicolas Aube-Kubel.
17:09 of 1st period - Shot Misses the Net.
17:15 of 1st period - Shot by Mattias Ekholm.
17:15 of 1st period - Shot Misses the Net.
17:17 of 1st period - Shot by Colton Sissons.
17:17 of 1st period - Stopped by Joonas Korpisalo without a rebound.
17:18 of 1st period - Matt Duchene wins face-off versus David Backes in PHOENIX MUSTANGS zone.
18:12 of 1st period - Icing by Ivan Provorov.
18:13 of 1st period - Aleksander Barkov wins face-off versus Kevin Hayes in SACRAMENTO BANDITS zone.
18:29 of 1st period - Minor Penalty to Mattias Ekholm for Roughing.
18:30 of 1st period - Aleksander Barkov wins face-off versus Kevin Hayes in SACRAMENTO BANDITS zone.
19:42 of 1st period - Jesper Fast is hit by Jonathan Huberdeau and loses puck.
Goals for this period are 0 for PHOENIX MUSTANGS vs 0 for SACRAMENTO BANDITS.
Shots for this period are 6 for PHOENIX MUSTANGS vs 9 for SACRAMENTO BANDITS.

2nd period


0:01 of 2nd period - Andrew Copp wins face-off versus Aleksander Barkov in neutral zone.
1:10 of 2nd period - Shot by Jesper Fast.
1:10 of 2nd period - Goal by Jesper Fast - PHOENIX MUSTANGS : 1 - SACRAMENTO BANDITS : 0.
1:11 of 2nd period - Andrew Copp wins face-off versus Aleksander Barkov in neutral zone.
2:37 of 2nd period - Shot by Jonas Brodin.
2:37 of 2nd period - Shot Misses the Net.
2:39 of 2nd period - Shot by Jordan Greenway.
2:39 of 2nd period - Stopped by Andrei Vasilevskiy without a rebound.
2:40 of 2nd period - Kevin Hayes wins face-off versus Matt Duchene in SACRAMENTO BANDITS zone.
2:44 of 2nd period - Icing by Luca Sbisa.
2:45 of 2nd period - Matt Duchene wins face-off versus Kevin Hayes in SACRAMENTO BANDITS zone.
2:54 of 2nd period - Shot by Joel Farabee.
2:54 of 2nd period - Stopped by Joonas Korpisalo without a rebound.
2:55 of 2nd period - Aleksander Barkov wins face-off versus Kevin Hayes in PHOENIX MUSTANGS zone.
3:02 of 2nd period - Shot by Jonathan Huberdeau.
3:02 of 2nd period - Shot Misses the Net.
3:04 of 2nd period - Shot by Ryan Suter.
3:04 of 2nd period - Shot Blocked by Jesper Fast.
3:06 of 2nd period - Shot by Sam Reinhart.
3:06 of 2nd period - Stopped by Joonas Korpisalo without a rebound.
3:07 of 2nd period - Alexander DeBrincat wins face-off versus Andrew Copp in PHOENIX MUSTANGS zone.
3:14 of 2nd period - Shot by Jamie Benn.
3:14 of 2nd period - Stopped by Joonas Korpisalo without a rebound.
3:15 of 2nd period - Andrew Copp wins face-off versus Jamie Benn in PHOENIX MUSTANGS zone.
3:15 of 2nd period - Erik Karlsson is hit by Jamie Benn.
3:31 of 2nd period - T.J. Oshie is hit by John Carlson and loses puck.
3:48 of 2nd period - Shot by Andrew Copp.
3:48 of 2nd period - Stopped by Andrei Vasilevskiy without a rebound.
3:49 of 2nd period - Kevin Hayes wins face-off versus Aleksander Barkov in SACRAMENTO BANDITS zone.
3:52 of 2nd period - Shot by Jesper Fast.
3:52 of 2nd period - Shot Blocked by Mattias Ekholm.
5:07 of 2nd period - Icing by Erik Karlsson.
5:08 of 2nd period - Andrew Copp wins face-off versus Jamie Benn in PHOENIX MUSTANGS zone.
5:55 of 2nd period - Shot by Christian Dvorak.
5:55 of 2nd period - Shot Misses the Net.
5:57 of 2nd period - Shot by Jordan Greenway.
5:57 of 2nd period - Deflect By Christian Dvorak.
5:57 of 2nd period - Shot Misses the Net.
5:59 of 2nd period - Shot by Christian Dvorak.
5:59 of 2nd period - Shot Misses the Net.
7:13 of 2nd period - Shot by Kevin Hayes.
7:13 of 2nd period - Shot Misses the Net.
7:15 of 2nd period - Shot by Clayton Keller.
7:15 of 2nd period - Shot Misses the Net.
7:35 of 2nd period - Shot by Justin Williams.
7:35 of 2nd period - Deflect By Matt Duchene.
7:35 of 2nd period - Shot Misses the Net.
7:37 of 2nd period - Shot by Matt Duchene.
7:37 of 2nd period - Stopped by Joonas Korpisalo without a rebound.
7:38 of 2nd period - Andrew Copp wins face-off versus Aleksander Barkov in PHOENIX MUSTANGS zone.
8:41 of 2nd period - Shot by Christian Dvorak.
8:41 of 2nd period - Stopped by Andrei Vasilevskiy without a rebound.
8:42 of 2nd period - Matt Duchene wins face-off versus Kevin Hayes in SACRAMENTO BANDITS zone.
8:48 of 2nd period - Off-side.
8:49 of 2nd period - Kevin Hayes wins face-off versus Matt Duchene in neutral zone.
8:59 of 2nd period - Off-side.
9:00 of 2nd period - Christian Dvorak wins face-off versus Jay Beagle in neutral zone.
9:03 of 2nd period - Nicolas Aube-Kubel is hit by Jordan Greenway and loses puck.
9:14 of 2nd period - Off-side.
9:15 of 2nd period - Aleksander Barkov wins face-off versus Andrew Copp in neutral zone.
9:18 of 2nd period - Jonas Brodin is hit by Aleksander Barkov.
9:48 of 2nd period - Shot by Andrew Copp.
9:48 of 2nd period - Stopped by Andrei Vasilevskiy without a rebound.
9:49 of 2nd period - Kevin Hayes wins face-off versus Jamie Benn in SACRAMENTO BANDITS zone.
10:10 of 2nd period - Shot by Jamie Benn.
10:10 of 2nd period - Shot Misses the Net.
10:58 of 2nd period - Shot by Jonathan Huberdeau.
10:58 of 2nd period - Stopped by Joonas Korpisalo with a rebound.
11:44 of 2nd period - P.K. Subban is hit by Andrew Copp and loses puck.
13:33 of 2nd period - Shot by Jamie Benn.
13:33 of 2nd period - Shot Misses the Net.
13:49 of 2nd period - Shot by Scott Laughton.
13:49 of 2nd period - Stopped by Joonas Korpisalo without a rebound.
13:50 of 2nd period - Kevin Hayes wins face-off versus Sam Reinhart in PHOENIX MUSTANGS zone.
14:32 of 2nd period - Shot by Jonathan Huberdeau.
14:32 of 2nd period - Stopped by Joonas Korpisalo with a rebound.
14:39 of 2nd period - Minor Penalty to Dennis Cholowski for Hooking.
14:40 of 2nd period - Matt Duchene wins face-off versus Teuvo Teravainen in PHOENIX MUSTANGS zone.
14:50 of 2nd period - Icing by Ryan Suter.
14:51 of 2nd period - Matt Duchene wins face-off versus Teuvo Teravainen in SACRAMENTO BANDITS zone.
15:05 of 2nd period - Icing by John Carlson.
15:06 of 2nd period - Matt Duchene wins face-off versus Teuvo Teravainen in SACRAMENTO BANDITS zone.
17:18 of 2nd period - Shot by Christian Dvorak.
17:18 of 2nd period - Shot Misses the Net.
17:20 of 2nd period - Shot by Alexander Steen.
17:20 of 2nd period - Stopped by Andrei Vasilevskiy with a rebound.
18:16 of 2nd period - Icing by Clayton Keller.
18:17 of 2nd period - Aleksander Barkov wins face-off versus Clayton Keller in PHOENIX MUSTANGS zone.
18:26 of 2nd period - Shot by Jonathan Huberdeau.
18:26 of 2nd period - Shot Misses the Net.
18:35 of 2nd period - Minor Penalty to David Backes for Hooking.
18:36 of 2nd period - Matt Duchene wins face-off versus Teuvo Teravainen in PHOENIX MUSTANGS zone.
19:33 of 2nd period - Icing by Ryan Suter.
19:34 of 2nd period - Jamie Benn wins face-off versus Andrew Copp in SACRAMENTO BANDITS zone.
Goals for this period are 1 for PHOENIX MUSTANGS vs 0 for SACRAMENTO BANDITS.
Shots for this period are 6 for PHOENIX MUSTANGS vs 7 for SACRAMENTO BANDITS.

3rd period


0:01 of 3rd period - Teuvo Teravainen wins face-off versus Aleksander Barkov in neutral zone.
0:32 of 3rd period - Shot by Jonathan Huberdeau.
0:32 of 3rd period - Goal by Jonathan Huberdeau - PHOENIX MUSTANGS : 1 - SACRAMENTO BANDITS : 1.
0:33 of 3rd period - Jamie Benn wins face-off versus Christian Dvorak in neutral zone.
0:33 of 3rd period - Jamie Benn is hit by Jordan Greenway.
0:37 of 3rd period - Jordan Greenway is hit by Jamie Benn and loses puck.
1:03 of 3rd period - Jamie Benn is hit by Jonas Brodin and loses puck.
1:06 of 3rd period - Shot by Jamie Benn.
1:06 of 3rd period - Deflect By Alexander DeBrincat.
1:06 of 3rd period - Shot Misses the Net.
1:08 of 3rd period - Shot by Mattias Ekholm.
1:08 of 3rd period - Stopped by Joonas Korpisalo with a rebound.
1:41 of 3rd period - Off-side.
1:42 of 3rd period - Matt Duchene wins face-off versus Andrew Copp in neutral zone.
1:56 of 3rd period - Icing by Teuvo Teravainen.
1:57 of 3rd period - Andrew Copp wins face-off versus Aleksander Barkov in PHOENIX MUSTANGS zone.
2:10 of 3rd period - Shot by T.J. Oshie.
2:10 of 3rd period - Stopped by Andrei Vasilevskiy without a rebound.
2:11 of 3rd period - Matt Duchene wins face-off versus Kevin Hayes in SACRAMENTO BANDITS zone.
2:11 of 3rd period - Matt Duchene is hit by Kevin Hayes.
2:27 of 3rd period - Shot by Justin Williams.
2:27 of 3rd period - Shot Misses the Net.
2:35 of 3rd period - Shot by Kevin Hayes.
2:35 of 3rd period - Stopped by Andrei Vasilevskiy without a rebound.
2:36 of 3rd period - Andrew Copp wins face-off versus Aleksander Barkov in SACRAMENTO BANDITS zone.
2:54 of 3rd period - Shot by Teuvo Teravainen.
2:54 of 3rd period - Stopped by Andrei Vasilevskiy without a rebound.
2:55 of 3rd period - Kevin Hayes wins face-off versus Alexander DeBrincat in SACRAMENTO BANDITS zone.
2:55 of 3rd period - Jonas Brodin is hit by Mattias Ekholm and loses puck.
3:14 of 3rd period - Shot by Jamie Benn.
3:14 of 3rd period - Deflect By Alexander DeBrincat.
3:14 of 3rd period - Shot Blocked by Jay Bouwmeester.
3:16 of 3rd period - Shot by Jamie Benn.
3:16 of 3rd period - Deflect By Alexander DeBrincat.
3:16 of 3rd period - Stopped by Joonas Korpisalo with a rebound.
4:07 of 3rd period - Shot by Jonathan Huberdeau.
4:07 of 3rd period - Stopped by Joonas Korpisalo without a rebound.
4:08 of 3rd period - Andrew Copp wins face-off versus Matt Duchene in PHOENIX MUSTANGS zone.
4:17 of 3rd period - Icing by P.K. Subban.
4:18 of 3rd period - Andrew Copp wins face-off versus Matt Duchene in SACRAMENTO BANDITS zone.
5:01 of 3rd period - Icing by Luca Sbisa.
5:02 of 3rd period - Matt Duchene wins face-off versus Jordan Greenway in SACRAMENTO BANDITS zone.
5:17 of 3rd period - Off-side.
5:18 of 3rd period - Jesper Fast wins face-off versus Aleksander Barkov in neutral zone.
5:27 of 3rd period - Jesper Fast is hit by Jonathan Huberdeau and loses puck.
6:31 of 3rd period - Ivan Provorov is hit by Drew Doughty and loses puck.
6:40 of 3rd period - Shot by Alexander DeBrincat.
6:40 of 3rd period - Deflect By Jamie Benn.
6:40 of 3rd period - Stopped by Joonas Korpisalo with a rebound.
6:42 of 3rd period - Shot by Jamie Benn.
6:42 of 3rd period - Shot Blocked by Erik Karlsson.
6:44 of 3rd period - Shot by Scott Laughton.
6:44 of 3rd period - Stopped by Joonas Korpisalo without a rebound.
6:45 of 3rd period - Christian Dvorak wins face-off versus Matt Duchene in PHOENIX MUSTANGS zone.
7:13 of 3rd period - Shot by Christian Dvorak.
7:13 of 3rd period - Shot Misses the Net.
7:15 of 3rd period - Shot by Jordan Greenway.
7:15 of 3rd period - Shot Misses the Net.
7:17 of 3rd period - Shot by Alexander Steen.
7:17 of 3rd period - Stopped by Andrei Vasilevskiy without a rebound.
7:18 of 3rd period - Jamie Benn wins face-off versus Andrew Copp in SACRAMENTO BANDITS zone.
7:32 of 3rd period - Minor Penalty to Jamie Benn for Tripping.
7:33 of 3rd period - Aleksander Barkov wins face-off versus Clayton Keller in SACRAMENTO BANDITS zone.
7:46 of 3rd period - Shot by Jesper Fast.
7:46 of 3rd period - Shot Blocked by John Carlson.
7:48 of 3rd period - Shot by Clayton Keller.
7:48 of 3rd period - Goal by Clayton Keller - PHOENIX MUSTANGS : 2 - SACRAMENTO BANDITS : 1.
7:49 of 3rd period - Andrew Copp wins face-off versus Alexander DeBrincat in neutral zone.
8:23 of 3rd period - Icing by Teuvo Teravainen.
8:24 of 3rd period - Aleksander Barkov wins face-off versus Andrew Copp in PHOENIX MUSTANGS zone.
8:24 of 3rd period - Aleksander Barkov is hit by Drew Doughty.
9:43 of 3rd period - Icing by John Carlson.
9:44 of 3rd period - Aleksander Barkov wins face-off versus Kevin Hayes in SACRAMENTO BANDITS zone.
9:51 of 3rd period - Jesper Fast is hit by Sam Reinhart and loses puck.
10:49 of 3rd period - Minor Penalty to T.J. Oshie for Holding Stick.
10:50 of 3rd period - Matt Duchene wins face-off versus Teuvo Teravainen in PHOENIX MUSTANGS zone.
10:51 of 3rd period - Shot by John Carlson.
10:51 of 3rd period - Shot Misses the Net.
11:20 of 3rd period - Shot by Alexander Steen.
11:20 of 3rd period - Goal by Alexander Steen - PHOENIX MUSTANGS : 3 - SACRAMENTO BANDITS : 1.
11:21 of 3rd period - Sam Reinhart wins face-off versus Teuvo Teravainen in neutral zone.
11:50 of 3rd period - Shot by Sam Reinhart.
11:50 of 3rd period - Shot Misses the Net.
12:30 of 3rd period - Shot by John Carlson.
12:30 of 3rd period - Shot Misses the Net.
12:50 of 3rd period - Shot by Aleksander Barkov.
12:50 of 3rd period - Stopped by Joonas Korpisalo without a rebound.
12:51 of 3rd period - Jay Beagle wins face-off versus Kevin Hayes in PHOENIX MUSTANGS zone.
12:51 of 3rd period - Jay Beagle is hit by Drew Doughty.
12:53 of 3rd period - Shot by Nicolas Aube-Kubel.
12:53 of 3rd period - Stopped by Joonas Korpisalo without a rebound.
12:54 of 3rd period - Jay Beagle wins face-off versus Kevin Hayes in PHOENIX MUSTANGS zone.
13:09 of 3rd period - Shot by Nicolas Aube-Kubel.
13:09 of 3rd period - Shot Blocked by Erik Karlsson.
13:30 of 3rd period - Jesper Fast is hit by Luca Sbisa and loses puck.
13:36 of 3rd period - Jesper Fast is hit by P.K. Subban and loses puck.
13:47 of 3rd period - Jay Bouwmeester is hit by Nicolas Aube-Kubel and loses puck.
13:54 of 3rd period - Shot by Jordan Greenway.
13:54 of 3rd period - Stopped by Andrei Vasilevskiy without a rebound.
13:55 of 3rd period - Andrew Copp wins face-off versus Aleksander Barkov in SACRAMENTO BANDITS zone.
13:55 of 3rd period - Andrew Copp is hit by Ryan Suter.
14:25 of 3rd period - Shot by Sam Reinhart.
14:25 of 3rd period - Shot Misses the Net.
14:27 of 3rd period - Shot by Aleksander Barkov.
14:27 of 3rd period - Shot Misses the Net.
14:29 of 3rd period - Shot by John Carlson.
14:29 of 3rd period - Shot Misses the Net.
14:31 of 3rd period - Shot by Aleksander Barkov.
14:31 of 3rd period - Stopped by Joonas Korpisalo without a rebound.
14:32 of 3rd period - Christian Dvorak wins face-off versus Alexander DeBrincat in PHOENIX MUSTANGS zone.
14:32 of 3rd period - Christian Dvorak is hit by Jamie Benn.
15:10 of 3rd period - Shot by Alexander Steen.
15:10 of 3rd period - Deflect By Christian Dvorak.
15:10 of 3rd period - Goal by Christian Dvorak - PHOENIX MUSTANGS : 4 - SACRAMENTO BANDITS : 1.
15:11 of 3rd period - Aleksander Barkov wins face-off versus Andrew Copp in neutral zone.
15:14 of 3rd period - Teuvo Teravainen is hit by Jonathan Huberdeau and loses puck.
15:35 of 3rd period - Shot by Teuvo Teravainen.
15:35 of 3rd period - Stopped by Andrei Vasilevskiy with a rebound.
15:37 of 3rd period - Shot by Teuvo Teravainen.
15:37 of 3rd period - Stopped by Andrei Vasilevskiy without a rebound.
15:38 of 3rd period - Jesper Fast wins face-off versus Matt Duchene in SACRAMENTO BANDITS zone.
16:03 of 3rd period - Shot by Joel Farabee.
16:03 of 3rd period - Stopped by Joonas Korpisalo with a rebound.
16:05 of 3rd period - Shot by Matt Duchene.
16:05 of 3rd period - Stopped by Joonas Korpisalo without a rebound.
16:06 of 3rd period - Aleksander Barkov wins face-off versus Andrew Copp in PHOENIX MUSTANGS zone.
16:06 of 3rd period - Aleksander Barkov is hit by Erik Karlsson.
16:10 of 3rd period - Shot by Aleksander Barkov.
16:10 of 3rd period - Deflect By Jonathan Huberdeau.
16:10 of 3rd period - Shot Blocked by Drew Doughty.
16:44 of 3rd period - Shot by Teuvo Teravainen.
16:44 of 3rd period - Shot Misses the Net.
18:14 of 3rd period - Christian Dvorak is hit by Ivan Provorov and loses puck.
18:59 of 3rd period - Shot by Kevin Hayes.
18:59 of 3rd period - Shot Blocked by Ryan Suter.
19:01 of 3rd period - Shot by Clayton Keller.
19:01 of 3rd period - Stopped by Andrei Vasilevskiy with a rebound.
19:03 of 3rd period - Shot by Kevin Hayes.
19:03 of 3rd period - Stopped by Andrei Vasilevskiy with a rebound.
19:05 of 3rd period - Shot by Jesper Fast.
19:05 of 3rd period - Stopped by Andrei Vasilevskiy with a rebound.
19:57 of 3rd period - Shot by Jonathan Huberdeau.
19:57 of 3rd period - Shot Blocked by Jay Bouwmeester.
Goals for this period are 3 for PHOENIX MUSTANGS vs 1 for SACRAMENTO BANDITS.
Shots for this period are 13 for PHOENIX MUSTANGS vs 11 for SACRAMENTO BANDITS.


SEBASTIAN
AHO
MARK
SCHEIFELE
JAKE
OETTINGER

EAST COAST

HOCKEY LEAGUE

  • 17.QUE3CHI2
  • 18.CHA2LIM4
  • 19.TRV3LON2
  • 20.CHW1BAL2
  • 21.PITMAN
  • 22.ATLNHW
  • 23.WORPET
  • 24.RHI